 Dungeon Crawl Stone Soup version 0.17.1-3-g152610e (webtiles) character file.

128 kaze the Skirmisher (level 5, 0/33 HPs)
             Began as a Gargoyle Berserker on Mar 10, 2016.
             Was a Believer of Trog.
             Killed from afar by Natasha (6 damage)
             ... with a magic dart
             ... on level 3 of the Dungeon.
             The game lasted 00:03:05 (2074 turns).

kaze the Skirmisher (Gargoyle Berserker)            Turns: 2074, Time: 00:03:05

Health: 0/33       AC:  7    Str: 22    XL:     5   Next: 11%
Magic:  5/5        EV: 12    Int:  7    God:    Trog [**....]
Gold:   122        SH:  0    Dex:  9    Spells: 0 memorised, 4 levels left

rFire  . . .     SeeInvis +     a - +0 mace
rCold  . . .     Clarity  .     b - +0 animal skin
rNeg   + . .     SustAt   .     (no shield)
rPois  ∞         Gourm    .     j - +0 helmet
rElec  +         Spirit   .     (no cloak)
rCorr  .         Warding  .     (no gloves)
rMut   .         Stasis   .     (no boots)
MR     ++...                    (no amulet)
Stlth  +.........               (no ring)
                                u - ring of see invisible

@: regenerating, slowed, very slow, very resistant to hostile enchantments, very
unstealthy
A: negative energy resistance 1, electricity resistance, unbreathing,
petrification resistance, rot immunity, AC +4
a: Berserk, Trog's Hand, Burn Spellbooks, Renounce Religion


You were on level 3 of the Dungeon.
You worshipped Trog.
Trog was pleased with you.
You were hungry.

You visited 1 branch of the dungeon, and saw 3 of its levels.

You collected 122 gold pieces.

Inventory:

Hand Weapons
 a - a +0 mace (weapon)
Missiles
 t - 3 javelins (quivered)
Armour
 b - a +0 animal skin (worn)
 j - a +0 helmet (worn)
Jewellery
 u - a ring of see invisible (left hand)
Wands
 r - a wand of magic darts (20)
Scrolls
 e - a scroll of blinking {unknown}
 f - 4 scrolls of remove curse {unknown}
 k - 2 scrolls of random uselessness {unknown}
 l - a scroll of noise {unknown}
 o - a scroll of enchant armour {unknown}
 p - a scroll of teleportation {unknown}
 q - a scroll of recharging {unknown}
 s - a scroll of immolation {unknown}
Potions
 d - a potion of might {unknown}
 h - 2 potions of degeneration {unknown}
 i - a potion of brilliance {unknown}
 m - a potion of heal wounds {unknown}
 n - a potion of resistance {unknown}
Comestibles
 c - a bread ration
 g - a slice of pizza


   Skills:
 + Level 4.1 Fighting
 + Level 3.9 Maces & Flails
 + Level 2.5 Armour
 + Level 2.9 Dodging
 + Level 0.8 Stealth


You had 4 spell levels left.
You didn't know any spells.

Dungeon Overview and Level Annotations

Branches:
Dungeon (3/15)

Altars:
Elyvilon

Annotations:
D:3 Natasha


Innate Abilities, Weirdness & Mutations

You are resistant to torment.
Your stone body is resilient (AC +4).
You are immune to poison.
You resist negative energy.
You are resistant to electric shocks.
You can survive without breathing.
You are immune to petrification.
You are immune to rotting.


Message History

You miss Natasha.
Natasha is severely wounded.
Natasha claws you.
* * * LOW HITPOINT WARNING * * *
The crimson imp misses you.
You hit Natasha but do no damage.
Natasha is severely wounded.
Natasha hisses.
Natasha claws you.
* * * LOW HITPOINT WARNING * * *
The crimson imp hits you but does no damage.
Natasha closely misses you. The crimson imp misses you.
Your skin crawls.
You feel resistant to hostile enchantments.
You feel slightly more hungry. Natasha barely misses you.
The crimson imp blinks!
Natasha barely misses you.
The crimson imp blinks!
Natasha stares at you and mumbles some strange words.
The magic dart hits you!
You die...

#...♣._.♣...###
##..........## #..#≈..♣..≈##
#.##≈≈...≈≈# .# #
#.####...### #.# #. #.#
##...# #.# ##.# #.# ##..# ##
# #.# .###...###.######..# #.
# ###.##........@h....§....#
#. .
....#####...###...#####.## #†
#####..## ##...............#
#.
........#####..###...#####..#
#.
#####.......................#
#. #
#..........#######.####.# #.
# ##.#######.# #.# #.# #. #
#.#######.#### #.# #.# #.
#............## #.# #.# #.


You could see Natasha.

Vanquished Creatures
  Ijyb (D:3)
  Natasha (D:3)
  3 adders
  A worm (D:2)
  3 giant geckos
  10 bats
  A giant cockroach (D:3)
  6 goblins
  8 hobgoblins
  A kobold (D:1)
  A quokka (D:2)
  A giant newt (D:1)
  4 rats
41 creatures vanquished.

Notes
Turn   | Place    | Note
--------------------------------------------------------------
     0 | D:1      | kaze the Gargoyle Berserker began the quest for the Orb.
     0 | D:1      | Reached XP level 1. HP: 14/14 MP: 1/1
   122 | D:1      | Reached XP level 2. HP: 10/19 MP: 2/2
   805 | D:2      | Reached ** piety under Trog
   805 | D:2      | Reached XP level 3. HP: 15/24 MP: 3/3
   857 | D:2      | Found a faded altar to an unknown god.
  1444 | D:3      | Noticed Ijyb
  1461 | D:3      | Killed Ijyb
  1461 | D:3      | Reached skill level 4 in Fighting
  1461 | D:3      | Reached XP level 4. HP: 8/29 MP: 4/4
  1828 | D:3      | Found a white marble altar of Elyvilon.
  2011 | D:3      | Noticed Natasha
  2019 | D:3      | Killed Natasha
  2019 | D:3      | Reached XP level 5. HP: 12/33 MP: 5/5
  2063 | D:3      | Noticed Natasha
  2071 | D:3      | HP: 1/33 [Natasha (3)]
  2074 | D:3      | Killed from afar by Natasha

Action                   |  1- 3 |  4- 6 || total
-------------------------+-------+-------++-------
Melee: Mace              |   119 |    36 ||   155
Invok: Berserk           |     1 |     1 ||     2
       Trog's Hand       |       |     1 ||     1
 Stab: Sleeping          |       |     1 ||     1
  Eat: Bread ration      |     1 |       ||     1
       Chunk             |     1 |       ||     1
